 Dungeon Crawl Stone Soup version 0.20.1-1-g8b1a95d (webtiles) character file.

80838 Gargoyl the Tortoise (level 15, -16/134 HPs)
             Began as a Minotaur Abyssal Knight on Aug 24, 2017.
             Was the Champion of Lugonu.
             Demolished by a cyan ugly thing (17 damage)
             ... on level 15 of the Dungeon.
             The game lasted 01:01:44 (22724 turns).

Gargoyl the Tortoise (Minotaur Abyssal Knight)     Turns: 22724, Time: 01:01:45

Health: -16/134    AC: 27    Str: 22    XL:     15   Next: 25%
Magic:  20/20      EV: 11    Int:  9    God:    Lugonu [******]
Gold:   1276       SH: 13    Dex: 11    Spells: 14/14 levels left

rFire    . . .     SeeInvis .   C - +2 hand axe (elec)
rCold    + . .     Gourm    .   V - +2 shield {rN+}
rNeg     + . .     Faith    .   w - +4 plate armour {MR+}
rPois    +         Spirit   .   N - +2 hat
rElec    .         Reflect  .   j - +2 cloak {rPois}
rCorr    .         Harm     .   U - +0 pair of gloves
MR       ++...                  y - +0 pair of boots
Stlth    ..........             e - amulet of regeneration
Regen    0.8/turn               M - +2 ring of strength
MPRegen  0.2/turn               W - +3 ring of evasion

@: corroded
A: retaliatory headbutt, claws 1, horns 2, clumsy 1, cold resistance 1, low mp
1, sense surroundings 2, poison resistance, wild magic 1, evolution 1, sturdy
frame 1
a: Depart the Abyss, Bend Space, Banish, Corrupt, Enter the Abyss, Brand Weapon
With Distortion, Renounce Religion


You were on level 15 of the Dungeon.
You worshipped Lugonu.
Lugonu was exalted by your worship.
You were not hungry.

You visited 2 branches of the dungeon, and saw 21 of its levels.
You visited the Abyss 1 time.
You also visited: Sewer, Bailey and Volcano.

You collected 1276 gold pieces.

Inventory:

Hand Weapons
 a - a +2 hand axe
 u - the +6 trident "Vaerry" {elec, rF++ rC+}
   (You took it off an orc warrior in a bailey)

   Occasionally, upon striking a foe, it will discharge some electrical energy
   and cause terrible harm.
   It greatly protects you from fire.
   It protects you from cold.
 A - a +3 glaive of flaming
 C - a +2 hand axe of electrocution (weapon)
Missiles
 G - 25 tomahawks (quivered)
Armour
 j - a +2 cloak of poison resistance (worn)
 w - a +4 plate armour of magic resistance (worn)
 y - a +0 pair of boots (worn)
 N - a +2 hat (worn)
 U - a +0 pair of gloves (worn)
 V - a +2 shield of positive energy (worn)
 Y - a +1 plate armour of positive energy
Jewellery
 e - an amulet of regeneration (around neck)
 s - an uncursed ring of positive energy
 M - a +2 ring of strength (left hand)
 W - a +3 ring of evasion (right hand)
Wands
 f - a wand of confusion (15/48)
 k - a wand of polymorph (16/24)
Scrolls
 d - a scroll of fear
 g - 16 scrolls of remove curse
 h - 10 scrolls of teleportation
 o - 2 scrolls of recharging
 q - 2 scrolls of fog
 B - a scroll of identify
 J - 2 scrolls of magic mapping
Potions
 b - 2 potions of resistance
 i - 9 potions of agility
 l - 6 potions of curing
 p - 3 potions of ambrosia
 r - 9 potions of brilliance
 v - 4 potions of might
 z - 5 potions of magic
 E - 3 potions of berserk rage
 R - a potion of heal wounds
Comestibles
 c - 10 bread rations
 m - 10 meat rations
 n - 13 chunks of flesh
 t - 7 royal jellies
 x - 43 fruits


   Skills:
 + Level 12.9 Fighting
 + Level 10.0(14.3) Axes
 + Level 16.5(17.3) Polearms
 + Level 1.4 Throwing
 * Level 17.6 Armour
 + Level 3.1 Dodging
 + Level 8.1 Shields
 * Level 12.5 Invocations


You had 14 spell levels left.
You didn't know any spells.

Dungeon Overview and Level Annotations

Branches:
Dungeon (15/15)            Temple (0/1) D:7            Lair (6/6) D:11
 Shoals (0/4) Lair:4       Spider (0/4) Lair:3        Slime (0/5) Lair:5
    Orc (0/2) D:9          Vaults (0/5) D:14         Depths (0/5) D:15

Altars:
Elyvilon
Fedhas
Makhleb
Sif Muna
Zin
Jiyva

Shops:
D:9 :   D:11 *

Annotations:
Lair:4 exclusion: oklob plant


Innate Abilities, Weirdness & Mutations

You reflexively headbutt those who attack you in melee.
You have a pair of horns on your head.
You have sharp fingernails.
You are clumsy. (Dex -2)
Your flesh is cold resistant. (rC+)
Your magical capacity is low. (-10% MP)
You passively map the area around you.
Your system is resistant to poisons. (rPois)
Your spells are a little harder to cast, but a little more powerful.
You evolve.
Your movements are slightly less encumbered by armour. (ER -2)


Message History

You hit the cyan ugly thing but do no damage.
The cyan ugly thing is moderately wounded.
You hit the cyan ugly thing. You closely miss the cyan ugly thing.
You slash the cyan ugly thing! The cyan ugly thing trunk-slaps you!
* * * LOW HITPOINT WARNING * * *
The cyan ugly thing shocks you!
* * * LOW HITPOINT WARNING * * *
The cyan ugly thing headbutts you.
* * * LOW HITPOINT WARNING * * *
The cyan ugly thing shocks you!
* * * LOW HITPOINT WARNING * * *
You hit the cyan ugly thing.
Your headbutt misses the cyan ugly thing.
The cyan ugly thing is severely wounded.
You hit the cyan ugly thing. x2
Your shield prevents you from hitting the cyan ugly thing.
The cyan ugly thing stings you.
* * * LOW HITPOINT WARNING * * *
The cyan ugly thing shocks you!
You die...

####### ###.....##
,..... ..# *
####.###..###
#u@u..(.?...###
.......uu.#.(......#
.###.#.####.##.###.#
## .. #. ###....#
#.# #. ...
#.##...######.# #.
#.,
#........)..#.####.
#
####...............
* #....###.######.
#..รท.###.#.#####


You could see 4 ugly things.

Vanquished Creatures
  2 entropy weavers (D:11)
  The ghost of Glitchraptor the Basher, a journeyman MiFi of Okawaru (Lair:5)
  6 dire elephants
  Snorg (D:11)
  8 vault guards (D:14)
  6 hydras
  A catoblepas (Lair:6)
  2 centaur warriors
  An anaconda (Lair:6)
  A queen ant (D:12)
  The ghost of ANON1729 the Carver, a novice FoFi (D:12)
  7 two-headed ogres
  A deep elf knight (D:14)
  A fire crab (Lair:6)
  3 skeletal warriors (D:14)
  2 lindwurms (Volcano)
  Pikel (D:7)
  A wolf spider (D:15)
  A wolf spider zombie (D:14)
  11 ugly things
  A slime creature (D:15)
  3 cyclopes
  10 elephants
  3 manticores
  Maurice (D:9)
  4 molten gargoyles (Volcano)
  Joseph (D:7)
  5 black mambas
  A gargoyle (D:11)
  14 spiny frogs
  A torpor snail (Lair:5)
  2 kobold demonologists
  8 komodo dragons
  2 rime drakes
  A centaur skeleton (D:14)
  2 efreet (Volcano)
  A yaktaur (D:12)
  5 trolls
  3 meliai (D:15)
  2 polar bears
  A hornet (D:13)
  5 dream sheep (Lair:4)
  3 blink frogs (Lair:5)
  9 hippogriffs
  A centaur simulacrum (D:14)
  21 yaks
  A shadow (D:14)
  A tarantella (Lair:3)
  3 wyverns
  4 fire elementals (Volcano)
  A vampire (D:14)
  A vampire mosquito (D:12)
  3 basilisks
  A wraith (D:14)
  18 soldier ants
  An acid dragon (D:14)
  21 water moccasins
  8 porcupines
  13 orc warriors
  3 phantoms
  A slave (D:7)
  3 black bears
  5 sky beasts
  4 ice beasts
  2 eyes of draining
  10 ogres
  13 centaurs
  10 crocodiles
  A crocodile (shapeshifter) (D:15)
  4 big kobolds
  13 bullfrogs
  2 earth elementals (Volcano)
  A scorpion (D:6)
  6 killer bees (D:10)
  8 wights
  2 electric eels
  6 howler monkeys
  7 crimson imps
  A quasit (D:14)
  A bullfrog zombie (D:6)
  6 hounds
  3 jellies
  7 orc priests
  Crazy Yiuf (D:2)
  A gnoll shaman (D:9)
  11 orc wizards
  3 bullfrog skeletons
  5 iguanas
  37 worker ants
  3 hound skeletons
  2 worker ant zombies
  2 howler monkey zombies
  Robin (D:2)
  7 gnolls
  2 river rats (Sewer)
  21 adders
  3 shadow imps
  An ooze (D:3)
  3 adder skeletons
  An adder zombie (D:5)
  2 worms (D:2)
  A dart slug (D:2)
  4 leopard geckos
  61 orcs
  9 giant cockroaches
  18 goblins
  14 hobgoblins
  6 jackals
  4 quokkas
  8 ball pythons
  3 bats
  6 frilled lizards
  44 kobolds
  A leopard gecko skeleton (D:4)
  27 rats
  A fire vortex (Volcano)
  4 plants (Lair:6)
680 creatures vanquished.

Vanquished Creatures (collateral kills)
  A dire elephant (Lair:6)
  A komodo dragon (Lair:1)
2 creatures vanquished.

Vanquished Creatures (others)
  An unseen horror (D:15)
  3 fire vortices (Volcano)
  13 fungi
  29 plants
46 creatures vanquished.

Grand Total: 728 creatures vanquished

Notes
Turn   | Place    | Note
-------+----------+-------------------------------------------
     0 | Abyss:1  | Gargoyl the Minotaur Abyssal Knight began the quest for the Orb.
     0 | Abyss:1  | Reached XP level 1. HP: 19/19 MP: 1/1
    12 | Abyss:1  | Noticed a quasit
    53 | Abyss:2  | Noticed a flying skull
    58 | D:1      | Escaped the Abyss
   517 | D:1      | Reached XP level 2. HP: 23/27 MP: 2/2
   594 | D:1      | Reached * piety under Lugonu
   867 | D:2      | Reached XP level 3. HP: 24/33 MP: 3/3
   961 | D:2      | Noticed Robin
   964 | D:2      | Reached skill level 3 in Armour
   985 | D:2      | Killed Robin
   985 | D:2      | Reached XP level 4. HP: 16/41 MP: 4/4
  1237 | D:2      | Gained mutation: You have supernaturally acute eyesight. (SInv) [potion of mutation]
  1237 | D:2      | Gained mutation: You have a pair of large horns on your head. [potion of mutation]
  1237 | D:2      | Gained mutation: Armour fits poorly on your strangely shaped body. [potion of mutation]
  1237 | D:2      | Gained mutation: You possess an exceptional clarity of mind. [potion of mutation]
  1238 | D:2      | Lost mutation: Armour fits poorly on your strangely shaped body. [potion of mutation]
  1238 | D:2      | Lost mutation: You have a pair of large horns on your head. [potion of mutation]
  1238 | D:2      | Gained mutation: You have an increased reservoir of magic. (+10% MP) [potion of mutation]
  1238 | D:2      | Gained mutation: You are clumsy. (Dex -2) [potion of mutation]
  1238 | D:2      | Gained mutation: You are partially covered in icy blue scales. (AC +2) [potion of mutation]
  1239 | D:2      | Lost mutation: You possess an exceptional clarity of mind. [potion of mutation]
  1239 | D:2      | Lost mutation: You are partially covered in icy blue scales. (AC +2) [potion of mutation]
  1239 | D:2      | Lost mutation: You are clumsy. (Dex -2) [potion of mutation]
  1239 | D:2      | Lost mutation: You have supernaturally acute eyesight. (SInv) [potion of mutation]
  1239 | D:2      | Lost mutation: You have an increased reservoir of magic. (+10% MP) [potion of mutation]
  1239 | D:2      | Gained mutation: You have an increased reservoir of magic. (+10% MP) [potion of mutation]
  1239 | D:2      | Gained mutation: You are dopey. (Int -2) [potion of mutation]
  1239 | D:2      | Gained mutation: You are resistant to hostile enchantments. (MR+) [potion of mutation]
  1239 | D:2      | Gained mutation: You have a pair of large horns on your head. [potion of mutation]
  1434 | D:2      | Found a runed door.
  1438 | D:2      | Noticed Crazy Yiuf
  1446 | D:2      | Killed Crazy Yiuf
  1625 | D:3      | Reached ** piety under Lugonu
  1651 | D:3      | Reached skill level 4 in Armour
  1668 | D:3      | Reached XP level 5. HP: 43/47 MP: 6/6
  1698 | D:3      | Found a faded altar of an unknown god.
  2214 | D:4      | Noticed an ogre
  2218 | D:4      | Reached XP level 6. HP: 53/53 MP: 6/8
  2223 | D:4      | Reached skill level 5 in Axes
  2295 | D:4      | Reached skill level 5 in Armour
  2484 | D:4      | Found a glowing drain.
  2488 | Sewer    | Entered a sewer
  2667 | Sewer    | Reached *** piety under Lugonu
  2857 | Sewer    | Reached XP level 7. HP: 60/60 MP: 9/9
  3186 | D:4      | Reached skill level 5 in Fighting
  3228 | D:4      | Reached **** piety under Lugonu
  3258 | D:4      | Found a blossoming altar of Fedhas.
  3299 | D:5      | Entered Level 5 of the Dungeon
  3309 | D:5      | Found a white marble altar of Elyvilon.
  3768 | D:5      | Found a glowing silver altar of Zin.
  3901 | D:6      | Reached skill level 6 in Armour
  3948 | D:6      | Reached XP level 8. HP: 69/69 MP: 11/11
  4150 | D:6      | Reached ***** piety under Lugonu
  4674 | D:7      | Reached skill level 7 in Armour
  4912 | D:7      | Noticed Pikel
  4935 | D:7      | Killed Pikel
  4935 | D:7      | Reached skill level 8 in Armour
  4935 | D:7      | Reached skill level 5 in Invocations
  4935 | D:7      | Reached XP level 9. HP: 71/75 MP: 11/13
  4981 | D:7      | Found a flagged portal.
  5102 | Bailey   | Entered a bailey
  5206 | Bailey   | Got a jewelled trident {elec}
  5207 | Bailey   | Identified the +6 trident "Vaerry" {elec, rF++ rC+} (You took it off an orc warrior in a bailey)
  5566 | D:7      | Noticed Joseph
  5573 | D:7      | Reached skill level 9 in Armour
  5589 | D:7      | Killed Joseph
  5589 | D:7      | Reached skill level 1 in Polearms
  5699 | D:7      | Found a staircase to the Ecumenical Temple.
  5934 | D:8      | Lost mutation: You are resistant to hostile enchantments. (MR+) [potion of mutation]
  5934 | D:8      | Lost mutation: You are dopey. (Int -2) [potion of mutation]
  5934 | D:8      | Lost mutation: You have an increased reservoir of magic. (+10% MP) [potion of mutation]
  5934 | D:8      | Lost mutation: You have a pair of large horns on your head. [potion of mutation]
  5934 | D:8      | Gained mutation: You are clumsy. (Dex -2) [potion of mutation]
  5934 | D:8      | Gained mutation: Your magical capacity is low. (-10% MP) [potion of mutation]
  5934 | D:8      | Gained mutation: Your flesh is cold resistant. (rC+) [potion of mutation]
  6055 | D:8      | Reached skill level 10 in Armour
  6429 | D:8      | Found a burning altar of Makhleb.
  6463 | D:9      | Reached XP level 10. HP: 86/86 MP: 11/11
  6514 | D:9      | Found a staircase to the Orcish Mines.
  6688 | D:9      | Reached skill level 5 in Polearms
  6742 | D:9      | Noticed Maurice
  6853 | D:9      | Killed Maurice
  6868 | D:9      | Noticed a two-headed ogre
  6874 | D:9      | Killed a two-headed ogre
  7149 | D:9      | Reached skill level 11 in Armour
  7227 | D:9      | Found Xuphi's Book Shoppe.
  7331 | D:9      | Found a deep blue altar of Sif Muna.
  7353 | D:9      | Found a burning altar of Makhleb.
  7518 | D:10     | Entered Level 10 of the Dungeon
  7861 | D:10     | Reached skill level 10 in Polearms
  8023 | D:10     | Reached ****** piety under Lugonu
  8660 | D:11     | Found a staircase to the Lair.
  8660 | D:11     | Noticed Snorg
  8677 | D:11     | Killed Snorg
  8677 | D:11     | Reached XP level 11. HP: 64/94 MP: 13/13
  9164 | D:11     | Found Eualeu's Eclectic Emporium.
  9360 | D:11     | Reached skill level 12 in Armour
  9366 | D:11     | Gained mutation: You passively map a small area around you. [mutagenic meat]
  9470 | Lair:1   | Entered Level 1 of the Lair of Beasts
  9743 | Lair:1   | Noticed a six-headed hydra
  9751 | Lair:1   | Killed a six-headed hydra
  9751 | Lair:1   | Reached skill level 1 in Throwing
 10075 | Lair:1   | Found a dark tunnel.
 10085 | Volcano  | Entered a volcano
 10242 | Volcano  | Noticed a lindwurm
 10242 | Volcano  | Noticed a lindwurm
 10377 | Volcano  | Killed a lindwurm
 10386 | Volcano  | Killed a lindwurm
 10448 | Volcano  | Reached skill level 13 in Armour
 11469 | Lair:2   | Noticed a seven-headed hydra
 11475 | Lair:2   | Killed a seven-headed hydra
 11475 | Lair:2   | Reached XP level 12. HP: 86/104 MP: 15/15
 11642 | Lair:2   | Noticed an eight-headed hydra
 11650 | Lair:2   | Killed an eight-headed hydra
 11983 | Lair:2   | Reached skill level 14 in Armour
 13384 | Lair:3   | Found a hole to the Spider Nest.
 13621 | Lair:4   | Reached skill level 10 in Fighting
 14006 | Lair:4   | Reached skill level 15 in Armour
 14169 | Lair:4   | Found a staircase to the Shoals.
 14921 | Lair:5   | Found a staircase to the Slime Pits.
 14921 | Lair:5   | Found a viscous altar of Jiyva.
 14926 | Lair:5   | Found a deep blue altar of Sif Muna.
 14980 | Lair:5   | Reached skill level 15 in Polearms
 14993 | Lair:5   | Noticed Glitchraptor's ghost (journeyman MiFi)
 15027 | Lair:5   | Killed Glitchraptor's ghost
 15197 | Lair:5   | Reached XP level 13. HP: 114/114 MP: 17/17
 15312 | Lair:5   | Reached skill level 10 in Invocations
 15793 | Lair:5   | Got a dazzling halberd
 15799 | Lair:5   | Identified the +1 halberd of Chagrin {flame, Int+9 Dex-3} (You found it on level 5 of the Lair of Beasts)
 16278 | Lair:5   | Reached skill level 1 in Shields
 16316 | Lair:6   | Entered Level 6 of the Lair of Beasts
 17283 | Lair:6   | Reached skill level 16 in Armour
 17662 | Lair:6   | Noticed a dire elephant
 17695 | Lair:6   | Killed a dire elephant
 17793 | Lair:6   | Noticed a dire elephant
 17793 | Lair:6   | Noticed a dire elephant
 17815 | Lair:6   | Killed a dire elephant
 17819 | Lair:6   | Killed a dire elephant
 18031 | Lair:6   | Noticed a dire elephant
 18049 | Lair:6   | Killed a dire elephant
 18063 | Lair:6   | Noticed a dire elephant
 18066 | Lair:6   | Noticed a dire elephant
 18078 | Lair:6   | Killed a dire elephant
 18090 | Lair:6   | HP: 3/116 [dire elephant (26)]
 18240 | Lair:6   | Killed a dire elephant
 18240 | Lair:6   | Reached XP level 14. HP: 106/124 MP: 19/19
 18745 | D:12     | Noticed ANON1729's ghost (novice FoFi)
 18748 | D:12     | Noticed an entropy weaver
 18878 | D:11     | Killed an entropy weaver
 18878 | D:11     | Reached skill level 5 in Shields
 18913 | D:12     | Killed ANON1729's ghost
 18924 | D:12     | Noticed an entropy weaver
 19017 | D:11     | Killed an entropy weaver
 20486 | D:13     | Reached skill level 17 in Armour
 21500 | D:14     | Found a gate to the Vaults.
 21747 | D:14     | Reached XP level 15. HP: 116/134 MP: 16/20
 21778 | D:14     | Gained mutation: You evolve. [mutagenic meat]
 21780 | D:14     | Gained mutation: You have sharp fingernails. [mutagenic meat]
 21781 | D:14     | Gained mutation: You tend to lose your temper in combat. [mutagenic meat]
 22218 | D:15     | Entered Level 15 of the Dungeon
 22432 | D:15     | Gained mutation: You passively map the area around you. [mutagenic meat]
 22434 | D:15     | Lost mutation: You tend to lose your temper in combat. [mutagenic meat]
 22435 | D:15     | Gained mutation: Your spells are a little harder to cast, but a little more powerful. [mutagenic meat]
 22443 | D:15     | Found a staircase to the Depths.
 22675 | D:15     | Gained mutation: Your movements are slightly less encumbered by armour. (ER -2) [mutagenic meat]
 22676 | D:15     | Gained mutation: Your system is resistant to poisons. (rPois) [mutagenic meat]
 22707 | D:15     | Reached skill level 10 in Axes
 22723 | D:15     | HP: 2/134 [cyan ugly thing (13)]
 22724 | D:15     | Demolished by a cyan ugly thing

Skill      XL: |  1  2  3  4  5  6  7  8  9 10 11 12 13 14 15 |
---------------+----------------------------------------------+-----
Invocations    | 2 3 4 5 7 8 9 11 12 | 12.5
Fighting       | 4 5 6 7 8 9 10 11 12 | 12.9
Armour         | 3 4 5 6 8 10 11 13 15 16 17 | 17.6
Axes           | 3 4 5 7 9 10 | 10.0
Dodging        | 2 3 |  3.1
Polearms       | 3 10 13 15 16 | 16.5
Throwing       | 1 |  1.4
Shields        | 3 7 8 |  8.1

Action                   |  1- 3 |  4- 6 |  7- 9 | 10-12 | 13-15 || total
-------------------------+-------+-------+-------+-------+-------++-------
Melee: Hand axe          |    81 |   191 |   252 |       |    42 ||   566
       Headbutt          |    11 |    29 |    66 |   110 |   244 ||   460
       Trident           |       |       |    96 |   690 |  1058 ||  1844
Throw: Tomahawk          |       |       |       |     8 |     3 ||    11
Invok: Depart the Abyss  |     1 |       |       |       |       ||     1
       Banish            |       |       |       |     8 |     5 ||    13
Evoke: Wand              |       |       |     2 |       |       ||     2
  Use: Scroll            |     4 |     6 |    11 |     9 |    13 ||    43
       Potion            |       |     3 |     6 |     2 |     2 ||    13
 Stab: Confused          |       |       |     1 |       |       ||     1
  Eat: Chunk             |       |     6 |    12 |    23 |    36 ||    77
       Bread ration      |       |       |       |     2 |       ||     2
Armor: Chain mail        |    77 |   164 |   151 |       |       ||   392
       Leather armour    |     2 |       |       |       |       ||     2
       Plate armour      |       |       |    64 |   425 |   666 ||  1155
Dodge: Dodged            |    52 |    94 |   153 |   204 |   233 ||   736
Block: Shield            |       |       |       |       |   523 ||   523
